 Dungeon Crawl Stone Soup version 0.29-a0-962-gc8bbfd0a37 (webtiles) character file.

Game seed: 3430733415418914814

177 mcwallace the Firebug (level 5, -7/38 HPs)
             Began as a Demonspawn Fire Elementalist on July 31, 2022.
             Was an Initiate of Gozag.
             Killed by nerve-wracking pain
             ... invoked by an orc priest
              (14 damage)
             ... on level 4 of the Dungeon.
             The game lasted 00:10:30 (3918 turns).

mcwallace the Firebug (DsFE)                        Turns: 3918, Time: 00:10:31

Health: -7/38      AC:  5    Str:  9    XL:     5   Next: 31%
Magic:  1/9        EV: 12    Int: 18    God:    Gozag
Gold:   174        SH:  4    Dex: 13    Spells: 6/9 levels left

rFire   . . .      SeeInvis .   o - +0 spear {polearm}
rCold   . . .      Faith    .   (no shield)
rNeg    . . .      Spirit   .   a - +0 robe
rPois   .          Reflect  .   e - +2 helmet
rElec   .          Harm     .   (no cloak)
rCorr   .          Rampage  .   (no gloves)
Will    +....                   (no boots)
Stlth   ++........              (no amulet)
HPRegen 0.12/turn               z - ring of willpower
MPRegen 0.11/turn               (no ring)

@: no status effects
A: powered by death 1, condensation shield, weakness stinger 1
a: Renounce Religion, Potion Petition, Call Merchant, Bribe Branch


You were on level 4 of the Dungeon.
You worshipped Gozag.
Gozag was aware of your devotion.
You visited 1 branch of the dungeon, and saw 4 of its levels.

You collected 236 gold pieces.
You paid 62 gold pieces to Gozag.


Innate Abilities, Weirdness & Mutations

You regenerate a little health from kills.
A meltable shield of frost defends you. (SH +4)
You have a small tail.


   Skills:
 + Level 2.0 Fighting
 + Level 2.7 Dodging
 - Level 1.7 Stealth
 + Level 2.8 Spellcasting
 + Level 2.3 Conjurations
 + Level 3.4 Fire Magic


You had 6 spell levels left.
You knew the following spells:

 Your Spells              Type           Power      Damage    Failure   Level
a - Foxfire               Conj/Fire      52%        2x1d6     4%          1
b - Scorch                Fire           30%        2d6       6%          2

Your spell library contained the following spells:

 Spells                   Type           Power      Damage    Failure   Level
 Conjure Flame            Conj/Fire      13%        6-21      16%         3
 Inner Flame              Hex/Fire       8%         N/A       24%         3
 Flame Wave               Conj/Fire      13%        2d6       45%         4

Inventory:

Hand Weapons
 g - a +0 falchion {long}
   (You took it off an orc on level 3 of the Dungeon)
 h - a +0 whip {mace}
   (You took it off a kobold on level 2 of the Dungeon)
 o - a +0 spear (weapon) {polearm}
   (You found it on level 2 of the Dungeon)
Missiles
 f - 26 stones {throwing}
 y - 3 boomerangs {throwing}
Armour
 a - a +0 robe (worn)
 e - a +2 helmet (worn)
   (You found it on level 1 of the Dungeon)
 k - a +0 ring mail
   (You found it on level 2 of the Dungeon)
 n - a +0 ring mail
   (You found it on level 2 of the Dungeon)
 s - a +0 ring mail
   (You found it on level 3 of the Dungeon)
 v - a +0 ring mail
   (You took it off an orc on level 3 of the Dungeon)
 w - a +0 ring mail
   (You took it off an orc on level 3 of the Dungeon)
 x - a +0 ring mail
   (You took it off an orc on level 3 of the Dungeon)
Jewellery
 j - a ring of ice
   (You found it on level 2 of the Dungeon)
 z - a ring of willpower (left hand)
   (You found it on level 3 of the Dungeon)
Scrolls
 c - 2 scrolls of fear {unknown}
 d - 3 scrolls of teleportation {unknown}
 i - a scroll of silence {unknown}
 m - a scroll of noise {unknown}
 p - a scroll of blinking {unknown}
 r - a scroll of immolation {unknown}
 t - a scroll of enchant armour {unknown}
 u - a scroll of magic mapping {unknown}
Potions
 b - a potion of magic
 l - a potion of flight {unknown}
 q - a potion of curing {unknown}

Dungeon Overview and Level Annotations

Branches:
Dungeon (4/15) Zot: 20070
 Temple: D:4-7

Altars:
Gozag

Annotations:
D:3 2 transporters

######
#....#
######@##.#
#....#.##.#
#....#o##.#
#....#'##.#
#.......#.#
#....$..#.#
###.....#.#
#.$$..#.#
#.....#.#


You could see an orc priest.


Message History

Casting: Foxfire (safe; 4% risk of failure)
Press: ? - help, Q - select action, (/) - cycle Dir - look around, f - activate You conjure some foxfire!
The foxfire hits the orc. x2 😎 MP[-1]
You lost 1 mp, and now have 3/9 mp.
Casting: Foxfire (safe; 4% risk of failure)
Press: ? - help, Q - select action, (/) - cycle Dir - look around, f - activate You conjure some foxfire!
The foxfire hits the orc.
The foxfire hits the orc priest.
The orc priest looks braver for a moment.
The orc closely misses you. 😎 MP[-1]
You lost 1 mp, and now have 2/9 mp.
Casting: Foxfire (safe; 4% risk of failure)
Press: ? - help, Q - select action, (/) - cycle Dir - look around, f - activate You conjure some foxfire!
The foxfire hits the orc. x2
You kill the orc!
A goblin comes into view. It is wielding a +0 dagger. 😎 MP[-1]
You lost 1 mp, and now have 1/9 mp.
Casting: Foxfire (safe; 4% risk of failure)
Press: ? - help, Q - select action, (/) - cycle Dir - look around, f - activate You conjure some foxfire!
The orc is no longer distracted by gold.
The foxfire hits the orc priest.
The foxfire hits the orc priest but does no damage.
Casting: Foxfire (safe; 4% risk of failure)
Press: ? - help, Q - select action, (/) - cycle Dir - look around, f - activate You conjure some foxfire!
The foxfire hits the orc priest.
The foxfire hits the orc priest but does no damage.
The orc priest hits you but does no damage.
The orc priest hits your foxfire but does no damage.
Your magical contamination has completely faded away. 😎 MP[-1]
You lost 1 mp, and now have 0/9 mp.
You don't have enough magic to cast this spell.
You hit the orc priest but do no damage.
The foxfire hits the orc priest but does no damage. x2
The orc hits you with a +0 dagger.
The orc priest hits you but does no damage. 😕 HP[-2]
You take 2 damage, and now have 36/38 hp.
You hit the orc priest.
Your tail-slap misses the orc priest.
The orc hits you with a +0 dagger.
The orc priest invokes the aid of Beogh against you.
You resist with some effort.
The goblin is distracted by your dazzling golden aura.
The goblin shouts! 😕 HP[-2]
You take 2 damage, and now have 34/38 hp.
You barely miss the orc priest.
The goblin is no longer distracted by gold.
The orc barely misses you.
The orc priest hits you with a +0 hand axe. 😕 HP[-1]
You take 1 damage, and now have 33/38 hp.
There is an open door here.
You hit the goblin.
You kill the goblin! 😕 HP[+1]
You closely miss the orc.
Your tail-slap misses the orc.
The orc hits you with a +0 dagger. 😕 HP[-1] MP[+1]
You take 1 damage, and now have 33/38 hp.
You hit the orc but do no damage. The orc barely misses you.
You closely miss the orc.
The orc hits you with a +0 dagger. 😕 HP[-2]
You take 2 damage, and now have 31/38 hp.
You closely miss the orc.
The orc hits you with a +0 dagger. 😕 HP[-1]
You take 1 damage, and now have 30/38 hp.
You hit the orc. The orc hits you but does no damage.
You hit the orc.
You kill the orc!
The orc priest mumbles some strange prayers to Beogh against you.
Beogh smites you!
* * * LOW HITPOINT WARNING * * *
😨 HP[-15]
You take 15 damage, and now have 15/38 hp.
MASSIVE DAMAGE!! (PAUSE)
You closely miss the orc priest.
The orc priest invokes the aid of Beogh against you.
Beogh smites you!
* * * LOW HITPOINT WARNING * * *
😱 HP[-8]
You take 8 damage, and now have 7/38 hp.
MASSIVE DAMAGE!! (PAUSE)
Casting: Foxfire (safe; 4% risk of failure)
Confirm with . or Enter, or press ? or * to list all spells.
You conjure some foxfire!
The orc priest hits you but does no damage. 😱 MP[-1]
You lost 1 mp, and now have 0/9 mp.
The orc priest invokes the aid of Beogh against you.
Pain shoots through your body!
You die...
Your body crumbles into a pile of gold.

Skill      XL: |  1  2  3  4  5 |
---------------+----------------+-----
Dodging        | 2 |  2.7
Fighting       | 1 2 |  2.0
Fire Magic     | 3 |  3.4
Conjurations   | 2 |  2.3
Stealth        | |  1.7
Spellcasting   | |  2.8

Action                   |  1- 3 |  4- 6 || total
-------------------------+-------+-------++-------
Melee: Unarmed           |     5 |       ||     5
       Short sword       |    22 |     3 ||    25
       Spear             |       |    68 ||    68
       Tailslap          |       |     4 ||     4
       Punch             |       |     1 ||     1
 Cast: Foxfire           |    48 |    68 ||   116
       Scorch            |       |     5 ||     5
 Stab: Sleeping          |       |     3 ||     3
Armor: Robe              |    20 |    20 ||    40
Dodge: Dodged            |    44 |    28 ||    72
Block: Other             |    10 |    13 ||    23

Levels and vault maps discovered:
D:1:      kilobyte_arrival_exit_the_forest, layout_basic,
          ebering_ecumenical_altar_box
D:2:      layout_basic, uniq_natasha
D:3:      gammafunk_wand_slinger, layout_basic, grunt_gozag_statues
D:4:      layout_basic, mainiacjoe_overflow_catwalk,
          nicolae_overflow_hidden_temple, gammafunk_ghost_necromancy

Notes
Turn   | Place    | Note
-------+----------+-------------------------------------------
     0 | D:1      | mcwallace the Demonspawn Fire Elementalist began the quest
                  | for the Orb.
     0 | D:1      | Reached XP level 1. HP: 13/13 MP: 3/3
     0 | D:1      | magus.rc [v1.9.6]
   373 | D:1      | Found a faded altar of an unknown god.
   430 | D:1      | HP: 3/14 [ball python (1)]
   439 | D:1      | Gained mutation: A meltable shield of frost defends you.
                  | (SH +4) [demonic ancestry]
   439 | D:1      | Reached XP level 2. HP: 5/20 MP: 0/5
   743 | D:1      | You fall into a shaft and drop 1 floor!
   754 | D:2      | Reached skill level 2 in Dodging
  1171 | D:2      | Noticed Natasha
  1175 | D:2      | Killed Natasha
  1176 | D:2      | Reached skill level 1 in Fighting
  1176 | D:2      | Reached skill level 3 in Fire Magic
  1176 | D:2      | Reached XP level 3. HP: 22/26 MP: 0/6
  1179 | D:2      | Learned a level 2 spell: Scorch
  1478 | D:2      | Noticed Natasha
  1491 | D:2      | Killed Natasha
  1492 | D:2      | Reached skill level 2 in Conjurations
  1492 | D:2      | Gained mutation: You regenerate a little health from kills.
                  | [demonic ancestry]
  1492 | D:2      | Reached XP level 4. HP: 24/32 MP: 0/7
  1556 | D:2      | Noticed Natasha
  1559 | D:2      | Killed Natasha
  2230 | D:3      | Found a transporter.
  2379 | D:3      | You feel monstrous as your demonic heritage exerts itself.
  2379 | D:3      | Discovered your monstrous ancestry.
  2379 | D:3      | Gained mutation: You have a small tail. [demonic ancestry]
  2379 | D:3      | Reached XP level 5. HP: 38/38 MP: 5/9
  2453 | D:3      | Found an opulent altar of Gozag.
  2547 | D:3      | Became a worshipper of Gozag Ym Sagoz the Greedy
  2848 | D:3      | HP: 6/38 [orc/+0 falchion (6)]
  3241 | D:3      | Reached skill level 2 in Fighting
  3370 | D:3      | Found a transporter.
  3916 | D:4      | HP: 7/38 [orc priest/divine providence (9)]
  3918 | D:4      | Killed from afar by an orc priest

Vanquished Creatures
  Natasha (thrice) (D:2)
  3 adders
  2 worms
  2 dart slugs
  8 orcs
  8 ball pythons
  3 endoplasms
  6 goblins
  5 hobgoblins
  2 jackals (D:1)
  A quokka (D:2)
  5 bats
  4 frilled lizards
  5 kobolds
  5 rats
62 creatures vanquished.

Vanquished Creatures (others)
  186 foxfires
186 creatures vanquished.

Grand Total: 248 creatures vanquished

Table legend:
 A = Non-vault XP
 B = Vault XP
 C = Vault XP percentage of total XP
 D = Non-vault monster count
 E = Vault monster count
 F = Vault count percentage of total count
                 A         B        C        D         E       F
            +---------+---------+-------+---------+---------+-------
      Total |     219 |      35 |  13.8 |      61 |       1 |   1.6
            +---------+---------+-------+---------+---------+-------
        D:1 |      13 |       0 |   0.0 |       8 |       0 |   0.0
        D:2 |     127 |      35 |  21.6 |      22 |       1 |   4.3
        D:3 |      64 |       0 |   0.0 |      25 |       0 |   0.0
        D:4 |      15 |       0 |   0.0 |       6 |       0 |   0.0
            +---------+---------+-------+---------+---------+-------

Illustrated notes

Table legend:
 A = Kills in this place as a percentage of kills in entire the game.
 B = Kills by you in this place as a percentage of kills by you in the entire game.
 C = Kills by friends in this place as a percentage of kills by friends in the entire game.
 D = Other kills in this place as a percentage of other kills in the entire game.
 E = Experience gained in this place as a percentage of experience gained in the entire game.
 F = Experience gained in this place divided by the number of levels of this place that you have seen.
                   A       B       C       D       E      F
               +-------+-------+-------+-------+-------+----------------------
         Total | 100.0 | 100.0 |   N/A |   N/A | 100.0 |  63.5
       Dungeon | 100.0 | 100.0 |   N/A |   N/A | 100.0 |  63.5
               +-------+-------+-------+-------+-------+----------------------

Table legend: (Time is in decaauts)
 A = Elapsed time spent in this place.
 B = Non-inter-level travel time spent in this place.
 C = Inter-level travel time spent in this place.
 D = Time resting spent in this place.
 E = Time spent auto-exploring this place.
 F = Levels seen in this place.
 G = Mean time per level.
                   A        B        C        D        E       F      G
               +--------+--------+--------+--------+--------+-----+--------+
         Total |   3928 |   3812 |    116 |    241 |   2930 |   4 |  982.0 |
       Dungeon |   3928 |   3812 |    116 |    241 |   2930 |   4 |  982.0 |
               +--------+--------+--------+--------+--------+-----+--------+

Top non-repeatable levels by time:
     D:3: 1574 daAuts
     D:2: 1467 daAuts
     D:1: 746 daAuts
     D:4: 139 daAuts
